 Dungeon Crawl Stone Soup version 0.27-a0-1281-ge233d83751 (webtiles) character file.

Game seed: 3398108157256985777

793 freelancePsychic the Skirmisher (level 7, -4/55 HPs)
             Began as a Demonspawn Gladiator on June 13, 2021.
             Was a Priest of Uskayaw.
             Killed by divine providence
             ... invoked by an orc priest
              (16 damage)
             ... on level 5 of the Dungeon.
             The game lasted 00:09:03 (5206 turns).

freelancePsychic the Skirmisher (DsGl)              Turns: 5206, Time: 00:09:04

Health: -4/55      AC: 11    Str: 16    XL:     7   Next: 57%
Magic:  7/7        EV:  3    Int:  9    God:    Uskayaw [***...]
Gold:   225        SH: 14    Dex: 15    Spells: 6/6 levels left

rFire    . . .     SeeInvis .   t - +0 rapier (drain)
rCold    + . .     Faith    .   g - +1 tower shield
rNeg     . . .     Spirit   .   d - +0 chain mail
rPois    .         Reflect  .   (helmet restricted)
rElec    .         Harm     .   (no cloak)
rCorr    .         Rampage  .   (no gloves)
Will     +....                  i - +0 pair of boots
Stlth    ..........             (no amulet)
HPRegen  0.18/turn              k - ring of willpower
MPRegen  0.10/turn              n - ring of protection from cold

@: mighty
A: antennae 1, spiny 2, sharp scales 1
a: Renounce Religion, Stomp, Line Pass


You were on level 5 of the Dungeon.
You worshipped Uskayaw.
Uskayaw was noncommittal.
You visited 1 branch of the dungeon, and saw 5 of its levels.

You collected 225 gold pieces.

Inventory:

Hand Weapons
 q - a +0 dagger of protection
 t - a +0 rapier of draining (weapon)
Armour
 a - a +0 leather armour
 b - a +0 helmet
 d - a +0 chain mail (worn)
 g - a +1 tower shield (worn)
 i - a +0 pair of boots (worn)
 p - a scarf of harm
Jewellery
 k - a ring of willpower (left hand)
 n - a ring of protection from cold (right hand)
Wands
 r - a wand of iceblast (8)
 u - a wand of polymorph (4)
Scrolls
 h - 2 scrolls of amnesia {unknown}
 s - a scroll of enchant weapon {unknown}
Potions
 c - a potion of resistance {unknown}
 f - 3 potions of flight
 j - a potion of haste {unknown}
 l - a potion of curing {unknown}
 m - a potion of degeneration {unknown}
 o - a potion of berserk rage {unknown}
 v - a potion of heal wounds {unknown}


   Skills:
 - Level 4.7 Fighting
 * Level 2.6 Short Blades
 - Level 1.8 Throwing
 - Level 3.6 Armour
 - Level 2.8 Dodging
 + Level 3.5 Shields
 - Level 3.4 Unarmed Combat


You had 6 spell levels left.
You didn't know any spells.
Your spell library contained the following spells:

 Spells                   Type           Power      Damage    Failure   Level
 Freeze                   Ice            0%         1d3       100%        1
 Magic Dart               Conj           0%         1d3       100%        1
 Summon Small Mammal      Summ           0%         N/A       100%        1
 Call Imp                 Summ           0%         N/A       100%        2
 Searing Ray              Conj           0%         3d3       100%        2
 Call Canine Familiar     Summ           0%         N/A       100%        3
 Dazzling Flash           Conj/Hex       0%         N/A       100%        3
 Frozen Ramparts          Ice            0%         1d2       100%        3
 Ozocubu's Armour         Ice            0%         N/A       100%        3
 Summon Guardian Golem    Hex/Summ       0%         N/A       100%        3
 Fulminant Prism          Conj/Hex       0%         3d6       100%        4
 Hailstorm                Conj/Ice       0%         3d3       100%        4
 Iskenderun's Mystic Bla  Conj/Tloc      0%         2d3       100%        4
 Summon Ice Beast         Ice/Summ       0%         N/A       100%        4
 Summon Lightning Spire   Summ/Air       0%         N/A       100%        4
 Metabolic Englaciation   Hex/Ice        0%         N/A       100%        5


Dungeon Overview and Level Annotations

Branches:
Dungeon (5/15)
 Temple: D:4-7

Altars:
Ashenzari
Fedhas
Hepliaklqana
Uskayaw

Annotations:
D:4 3 runed translucent doors, Patoropollo's ghost, novice DjCj


Innate Abilities, Weirdness & Mutations

You have a pair of small antennae on your head.
You are mostly covered in sharp spines.
You are partially covered in razor-sharp scales. (AC +1, Slay +1)


Message History

The orc warrior hits you with a +0 hand axe.
The gnoll is struck by your spines. The gnoll hits you with a +0 halberd.
Your shield and chain mail prevent you from hitting the orc warrior.
The orc warrior is heavily wounded.
The orc warrior hits you with a +0 hand axe!
You block the gnoll's attack. The orc warrior barely misses you.
You hit the orc warrior but do no damage.
The orc warrior is heavily wounded.
You block the gnoll's attack.
The orc warrior hits you with a +0 hand axe.
* * * LOW HITPOINT WARNING * * *
You block the gnoll's attack.
You barely miss the gnoll.
The gnoll is lightly wounded.
You block the orc warrior's attack. You block the gnoll's attack.
The orc warrior hits you but does no damage.
Okay, then.
You feel very mighty all of a sudden. You block the gnoll's attack.
The orc warrior hits you but does no damage.
You closely miss the orc warrior.
The orc warrior is heavily wounded.
You block the gnoll's attack. You block the orc warrior's attack.
The gnoll is struck by your spines. The gnoll barely misses you.
You hit the orc warrior but do no damage.
The orc warrior is heavily wounded.
The orc warrior hits you with a +0 hand axe.
* * * LOW HITPOINT WARNING * * *
You block the gnoll's attack. The orc warrior barely misses you.
You puncture the orc warrior!
The orc warrior is severely wounded.
You block the gnoll's attack.
The orc warrior is struck by your spines.
You kill the orc warrior!
The gnoll is struck by your spines. The gnoll hits you but does no damage.
You puncture the gnoll!
You kill the gnoll!
The orc priest mumbles some strange prayers to Beogh against you.
Beogh smites you!
You die...

#..............#........
#<.....##......#.....#
#......##......#.....#
#......'.......'<....#
#......###############
#......#.+.≈≈#
...###'####.##.≈##
...........)o##.≈≈#
.........>.@#.'...+
####........#.#####
#........#.....#
+........#.....##.
#........#oo......
#........#)o......
#........'.....##.
..?.....#?....# #.....#


You could see an orc priest.

Vanquished Creatures
  Duvessa (D:4)
  A black bear (D:3)
  An orc warrior (D:5)
  An ogre (D:4)
  A scorpion (D:4)
  Dowan (D:4)
  An orc priest (D:3)
  Jessica (D:2)
  4 orc wizards
  4 gnolls
  4 adders
  A worm (D:3)
  3 dart slugs
  15 orcs
  2 bats
  6 endoplasms
  3 giant cockroaches
  3 goblins
  5 hobgoblins
  10 jackals
  5 kobolds
  6 ball pythons
  2 frilled lizards
  3 rats
84 creatures vanquished.

Notes
Turn   | Place    | Note
-------+----------+-------------------------------------------
     0 | D:1      | freelancePsychic the Demonspawn Gladiator began the quest
                  | for the Orb.
     0 | D:1      | Reached XP level 1. HP: 16/16 MP: 1/1
   254 | D:1      | Gained mutation: You are partially covered in sharp spines.
                  | [demonic ancestry]
   254 | D:1      | Reached XP level 2. HP: 22/22 MP: 2/2
   539 | D:1      | Reached skill level 1 in Armour
   872 | D:2      | Gained mutation: You are partially covered in razor-sharp
                  | scales. (AC +1, Slay +1) [demonic ancestry]
   872 | D:2      | Reached XP level 3. HP: 24/28 MP: 3/3
  1059 | D:2      | Found a faded altar of an unknown god.
  1258 | D:2      | Noticed Jessica
  1265 | D:2      | Killed Jessica
  1266 | D:2      | Reached XP level 4. HP: 31/34 MP: 4/4
  1449 | D:2      | Reached skill level 3 in Fighting
  2734 | D:3      | Gained mutation: You have a pair of small antennae on your
                  | head. [demonic ancestry]
  2734 | D:3      | Reached XP level 5. HP: 39/41 MP: 5/5
  2850 | D:3      | Reached skill level 1 in Shields
  3100 | D:3      | Noticed a black bear
  3112 | D:3      | Killed a black bear
  3232 | D:3      | Reached XP level 6. HP: 48/48 MP: 6/6
  3278 | D:3      | Reached skill level 4 in Fighting
  3787 | D:4      | Noticed a +0 falchion
  3787 | D:4      | Noticed a +0 falchion
  3788 | D:4      | Noticed a +0 spear
  3788 | D:4      | Noticed a +0 dagger
  3788 | D:4      | Noticed a +0 spear
  3789 | D:4      | Noticed a +0 short sword
  3789 | D:4      | Noticed a +0 dagger
  3789 | D:4      | Noticed a +0 short sword
  3805 | D:4      | Found a hide-covered altar of Uskayaw.
  3822 | D:4      | Became a worshipper of Uskayaw the Reveller
  3866 | D:4      | Reached * piety under Uskayaw
  3872 | D:4      | Reached ** piety under Uskayaw
  3875 | D:4      | Reached *** piety under Uskayaw
  3883 | D:4      | Reached **** piety under Uskayaw
  3911 | D:4      | Found a hazy altar of Hepliaklqana.
  3946 | D:4      | Noticed Patoropollo's ghost (novice DjCj)
  3947 | D:4      | Noticed an acid dragon
  3951 | D:4      | Found a broken altar of Ashenzari.
  3986 | D:4      | Found a runed translucent gate.
  3987 | D:4      | Found a runed translucent gate.
  3988 | D:4      | Found a runed translucent gate.
  4074 | D:4      | Found a blossoming altar of Fedhas.
  4304 | D:4      | Noticed Duvessa
  4328 | D:4      | Killed Duvessa
  4329 | D:4      | Gained mutation: You are mostly covered in sharp spines.
                  | [demonic ancestry]
  4329 | D:4      | Reached XP level 7. HP: 28/55 MP: 7/7
  4390 | D:4      | Noticed Dowan
  4417 | D:4      | HP: 1/82 [Dowan/stone arrow (10)]
  4418 | D:4      | Killed Dowan
  4763 | D:4      | Reached skill level 1 in Short Blades
  5140 | D:5      | Entered Level 5 of the Dungeon
  5206 | D:5      | Killed from afar by an orc priest

Illustrated notes

Levels and vault maps discovered:
D:1:      elethiomel_arrival_shortcut, layout_rooms
D:2:      layout_basic, ebering_ecumenical_altar_hall, hangedman_decor_growths,
          minivault_25, uniq_jessica
D:3:      layout_basic, doesnt_xom_only_xom, hangedman_decor_slide_cut,
          chequers_serial_rivers_large_b, uniq_ijyb
D:4:      layout_basic, overflow_temple_1_default,
          ashenzari_conservatory_becter, lemuel_tele_altar,
          nicolae_uskayaw_en_pointe, minmay_temple_entry_from_below_a,
          gammafunk_ghost_split, uniq_duvessa
D:5:      layout_gridville, serial_shops, nicolae_shop_behind_doors,
          gup_sewer_entry_bubbles, kennysheep_nondescript

Skill      XL: |  1  2  3  4  5  6  7 |
---------------+----------------------+-----
Unarmed Combat | 3 |  3.4
Armour         | 1 2 3 |  3.6
Fighting       | 3 4 |  4.7
Shields        | 1 2 3 |  3.5
Short Blades   | 2 |  2.6
Throwing       | |  1.8
Dodging        | |  2.8

Action                   |  1- 3 |  4- 6 |  7- 9 || total
-------------------------+-------+-------+-------++-------
Melee: Unarmed           |    91 |   174 |     3 ||   268
       Punch             |     4 |     3 |     1 ||     8
       Rapier            |       |       |    29 ||    29
Throw: Throwing net      |     1 |     2 |       ||     3
  Use: Scroll            |       |     5 |     2 ||     7
       Potion            |       |       |     1 ||     1
 Stab: Held in net/web   |     1 |     2 |       ||     3
       Paralysed         |       |     3 |     1 ||     4
Armor: Chain mail        |    56 |    81 |    10 ||   147
       Skin              |       |       |     2 ||     2
Dodge: Dodged            |    21 |    41 |     4 ||    66
Block: Tower shield      |       |       |    23 ||    23

Table legend: (Time is in decaauts)
 A = Elapsed time spent in this place.
 B = Non-inter-level travel time spent in this place.
 C = Inter-level travel time spent in this place.
 D = Time resting spent in this place.
 E = Time spent auto-exploring this place.
 F = Levels seen in this place.
 G = Mean time per level.
                   A        B        C        D        E       F      G
               +--------+--------+--------+--------+--------+-----+--------+
         Total |   5207 |   4994 |    213 |   1251 |   2896 |   5 | 1041.4 |
       Dungeon |   5207 |   4994 |    213 |   1251 |   2896 |   5 | 1041.4 |
               +--------+--------+--------+--------+--------+-----+--------+

Top non-repeatable levels by time:
     D:2: 1547 daAuts
     D:3: 1387 daAuts
     D:4: 1357 daAuts
     D:1: 841 daAuts
     D:5: 73 daAuts
